 Dungeon Crawl Stone Soup version 0.28.0-47-ge53b351184 (webtiles) character file.

Game seed: 4497170997677677677

2164 GigaChad the Covered (level 9, -5/78 HPs)
             Began as a Minotaur Chaos Knight on May 4, 2022.
             Was a Plaything of Xom.
             Slain by a yak (10 damage)
             ... on level 6 of the Dungeon on May 5, 2022.
             The game lasted 00:14:46 (5603 turns).

GigaChad the Covered (Minotaur Chaos Knight)        Turns: 5603, Time: 00:14:46

Health: -5/78      AC: 12    Str: 22    XL:     9   Next: 10%
Magic:  8/8        EV: 10    Int: 15    God:    Xom [...*..]
Gold:   254        SH:  0    Dex: 20    Spells: 8/8 levels left

rFire   . . .      SeeInvis .   r - +3 dagger of the Freezing Coward {flame, Str+5 Dex+6}
rCold   . . .      Faith    .   (no shield)
rNeg    . . .      Spirit   .   y - +2 chain mail
rPois   .          Reflect  .   (helmet restricted)
rElec   .          Harm     .   (no cloak)
rCorr   .          Rampage  .   (no gloves)
Will    .....                   (no boots)
Stlth   ..........              d - amulet of regeneration
HPRegen 1.03/turn               j - +6 ring of intelligence
MPRegen 0.11/turn               (no ring)

@: no status effects
A: horns 2, retaliatory headbutt
a: Renounce Religion


You were on level 6 of the Dungeon.
You worshipped Xom.
You were a favourite toy of Xom.
You visited 2 branches of the dungeon, and saw 7 of its levels.
You also visited: Sewer.

You collected 254 gold pieces.

Inventory:

Hand Weapons
 a - a +1 falchion of chaos
 r - the +3 dagger of the Freezing Coward (weapon) {flame, Str+5 Dex+6}
   (You found it in a sewer)

   It burns those it strikes, dealing additional fire damage.
   Str:       It affects your strength (+5).
   Dex:       It affects your dexterity (+6).
 u - a +0 falchion
Armour
 b - a +2 leather armour
 y - a +2 chain mail (worn)
Magical Staves
 s - a staff of cold
 C - a staff of poison
Jewellery
 d - an amulet of regeneration (around neck)
 j - a +6 ring of intelligence (left hand)
Wands
 g - a wand of digging (5)
 t - a wand of polymorph (3)
 z - a wand of charming (14)
Scrolls
 k - a scroll of summoning
 o - 3 scrolls of teleportation
 p - a scroll of blinking
Potions
 c - 2 potions of curing {unknown}
 e - a potion of ambrosia {unknown}
 f - a potion of brilliance {unknown}
 h - a potion of resistance {unknown}
 i - a potion of flight {unknown}
 l - 3 potions of heal wounds {unknown}
 n - 2 potions of cancellation {unknown}
 v - a potion of degeneration {unknown}
 A - a potion of attraction {unknown}


   Skills:
 + Level 6.6 Fighting
 + Level 6.2(7.4) Short Blades
 + Level 6.7(8.1) Long Blades
 + Level 7.9 Armour
 + Level 4.2 Dodging
 + Level 2.6 Stealth


You had 8 spell levels left.
You didn't know any spells.
Your spell library contained the following spells:

 Spells                   Type           Power      Damage    Failure   Level
 Animate Skeleton         Necr           0%         N/A       88%         1
 Apportation              Tloc           0%         N/A       88%         1
 Summon Small Mammal      Summ           0%         N/A       88%         1
 Ensorcelled Hibernation  Hex/Ice        0%         N/A       95%         2
 Passwall                 Tmut/Erth      0%         N/A       95%         2
 Swiftness                Air            0%         N/A       99%         3


Dungeon Overview and Level Annotations

Branches:
Dungeon (6/15)             Temple (1/1) D:4           Sewer (visited)

Altars:
Cheibriados
Dithmenos
Elyvilon
Fedhas
Hepliaklqana
Kikubaaqudgha
Makhleb
Nemelex Xobeh
Okawaru
Qazlal
Ru
Sif Muna
Vehumet
Wu Jian
Xom
Yredelemnul
Zin
The Shining One

Annotations:
D:3 3 runed translucent doors, GigaChad's ghost, amateur MiFi; Zeld's ghost, amateur MiBe


Innate Abilities, Weirdness & Mutations

You have a pair of horns on your head.
You reflexively headbutt those who attack you in melee.


Message History

The bullfrog is moderately wounded.
The bullfrog barely misses you. You furiously retaliate!
You headbutt the bullfrog, but do no damage.
You completely miss the bullfrog.
The bullfrog is moderately wounded.
The bullfrog hits you but does no damage.
You hit the bullfrog. You burn the bullfrog. You headbutt the bullfrog!
You kill the bullfrog!
The yak gores you but does no damage. The yak gores you.
The yak gores you but does no damage. x2; The yak gores you.
You hit the yak. You burn the yak.
The yak is moderately wounded.
The yak gores you. The yak gores you but does no damage.
The yak closely misses you. You furiously retaliate!
You headbutt the yak. You hit the yak. You burn the yak.
The yak is moderately wounded.
You hit the yak. You burn the yak. You headbutt the yak, but do no damage.
The yak is moderately wounded.
Xom is getting BORED.
The yak gores you! The yak gores you.
* * * LOW HITPOINT WARNING * * *
The yak gores you!
* * * LOW HITPOINT WARNING * * *
You hit the yak. You burn the yak. You headbutt the yak.
The yak is heavily wounded.
The yak gores you but does no damage. The yak gores you.
* * * LOW HITPOINT WARNING * * *
The yak closely misses you. You furiously retaliate!
You headbutt the yak. You hit the yak but do no damage.
The yak is heavily wounded.
You hit the yak but do no damage.
The yak is heavily wounded.
The yak gores you but does no damage. The yak gores you.
* * * LOW HITPOINT WARNING * * *
The yak barely misses you.
You puncture the yak! You burn the yak. You headbutt the yak!
The yak is almost dead.
The yak gores you!
You die...
Xom is highly amused!

#...........
#...........#
#...........
........#.#
#.....##.##
#..#.......
#####....#
#<.@Y...#
........YY...##
..........#..#
.....#....##.#
.....####..#.#
.... #.##.# ...
...#.. ...
#..#..


You could see 3 yaks.

Vanquished Creatures
  A kobold demonologist (D:5)
  Grinder (D:3)
  2 yaks (D:6)
  A water moccasin (D:5)
  An ice beast (D:5)
  2 necrophages (D:5)
  5 scorpions
  3 bullfrogs
  A bullfrog zombie (D:5)
  An orc priest (D:5)
  A hound (D:5)
  A jelly (D:5)
  Terence (D:3)
  Jessica (D:3)
  Natasha (twice) (D:3)
  An orc wizard (D:5)
  A hound zombie (D:5)
  10 adders
  A shadow imp (D:5)
  An ufetubus (D:5)
  An adder zombie (D:5)
  4 worms
  2 dart slugs
  6 orcs
  16 endoplasms
  10 giant cockroaches
  7 goblins
  3 hobgoblins
  5 jackals
  9 quokkas
  19 ball pythons
  7 bats
  23 frilled lizards
  6 kobolds
  A quokka skeleton (D:4)
  6 rats
163 creatures vanquished.

Vanquished Creatures (collateral kills)
  Natasha (D:3)
1 creature vanquished.

Vanquished Creatures (others)
  8 plants
  5 withered plants (D:3)
13 creatures vanquished.

Grand Total: 177 creatures vanquished

Notes
Turn   | Place    | Note
-------+----------+-------------------------------------------
     0 | D:1      | GigaChad the Minotaur Chaos Knight began the quest for the
                  | Orb.
     0 | D:1      | Reached XP level 1. HP: 19/19 MP: 0/0
   227 | D:1      | XOM: silly message
   251 | D:1      | Reached XP level 2. HP: 27/27 MP: 1/1
   409 | D:1      | XOM: divination: detect creatures
   581 | D:1      | Reached XP level 3. HP: 33/33 MP: 2/2
   909 | D:2      | Reached skill level 3 in Armour
   987 | D:2      | Found a blossoming altar of Fedhas.
   991 | D:2      | XOM: divination: detect items
  1636 | D:2      | Reached XP level 4. HP: 36/41 MP: 3/3
  1642 | D:2      | Found a faded altar of an unknown god.
  1747 | D:3      | Found a faded altar of an unknown god.
  1752 | D:3      | Found an ornate altar of the Wu Jian Council.
  1776 | D:3      | Found a glowing drain.
  1803 | D:3      | XOM: cast spell 'Summon Small Mammal'
  1816 | Sewer    | Entered a sewer
  1890 | Sewer    | Reached skill level 5 in Long Blades
  1953 | Sewer    | XOM: cast spell 'Cause Fear'
  2018 | Sewer    | Reached XP level 5. HP: 35/47 MP: 4/4
  2226 | Sewer    | XOM: noise
  2282 | Sewer    | Reached skill level 5 in Fighting
  2282 | Sewer    | Reached XP level 6. HP: 45/56 MP: 5/5
  2293 | Sewer    | Identified the +3 dagger of the Freezing Coward {flame,
                  | Str+5 Dex+6}
  2391 | D:3      | Noticed Terence
  2391 | D:3      | XOM: chaos upgrade
  2399 | D:3      | Killed Terence
  2618 | D:3      | Found a shadowy altar of Dithmenos.
  2655 | D:3      | Found a shimmering altar of Xom.
  2685 | D:3      | Found a shimmering blue altar of Sif Muna.
  2872 | D:3      | Noticed Jessica
  2878 | D:3      | Noticed Natasha
  2879 | D:3      | Killed Jessica
  2894 | D:3      | Killed Natasha
  2895 | D:3      | Reached skill level 1 in Stealth
  3009 | D:3      | Found a runed translucent gate.
  3011 | D:3      | Found a runed translucent gate.
  3011 | D:3      | Found a runed translucent gate.
  3013 | D:3      | Noticed Zeld's ghost (amateur MiBe)
  3013 | D:3      | Noticed GigaChad's ghost (amateur MiFi)
  3097 | D:3      | Noticed Natasha
  3098 | D:3      | XOM: cast spell 'Summon Hydra'
  3101 | D:3      | Killed Natasha
  3107 | D:3      | Noticed Grinder
  3114 | D:3      | Paralysed by Grinder for 2 turns
  3124 | D:3      | Paralysed by Grinder for 6 turns
  3138 | D:3      | Killed Grinder
  3139 | D:3      | Reached skill level 4 in Armour
  3139 | D:3      | Reached XP level 7. HP: 48/61 MP: 6/6
  3606 | D:3      | Noticed Natasha
  3614 | D:3      | Killed Natasha
  4151 | D:4      | XOM: god gift: ring mail {god gift}
  4195 | D:4      | Found a staircase to the Ecumenical Temple.
  4231 | Temple   | Entered the Ecumenical Temple
  4407 | D:4      | XOM: 1-stop teleportation journey
  4749 | D:5      | Entered Level 5 of the Dungeon
  4880 | D:5      | XOM: noise
  4975 | D:5      | XOM: confuse monster(s)
  4994 | D:5      | Noticed a kobold demonologist
  5056 | D:5      | XOM: silly message
  5064 | D:5      | Reached skill level 5 in Armour
  5064 | D:5      | Reached XP level 8. HP: 66/70 MP: 7/7
  5087 | D:5      | Identified the +1 robe "Zotsuguz" {Contam +Blink rN+
                  | Slay+4}
  5112 | D:5      | Reached skill level 6 in Armour
  5129 | D:5      | Noticed a red devil
  5135 | D:5      | XOM: summons friendly crimson imp
  5141 | D:5      | Killed a kobold demonologist
  5142 | D:5      | Reached skill level 5 in Short Blades
  5230 | D:5      | XOM: 1-stop teleportation journey
  5266 | D:5      | XOM: 2-stop teleportation journey
  5332 | D:5      | Reached skill level 7 in Armour
  5406 | D:5      | Found a glowing golden altar of the Shining One.
  5416 | D:5      | XOM: 1-stop teleportation journey
  5542 | D:5      | XOM: 3-stop teleportation journey
  5588 | D:6      | Reached XP level 9. HP: 47/78 MP: 8/8
  5603 | D:6      | Slain by a yak

Illustrated notes

Levels and vault maps discovered:
D:1:      nagdon_arrival_double_spiral, layout_basic
D:2:      layout_basic, chequers_ecumenical_altar_lobes, basic_altar,
          supply_closet_lemuel, minmay_lizard_king
D:3:      layout_loops_ring, xom_confusion_cloud, pf_just_have_faith,
          nicolae_overflow_ecumenical_swirl, grunt_dithmenos_smoke_and_mirrors,
          gammafunk_ghost_cemetery, cheibrodos_sewer_entry_sluice,
          nicolae_elevator_lobby_plus, uniq_grinder, uniq_terence, uniq_jessica,
          uniq_natasha
D:4:      layout_rooms, minmay_temple_entry_wispy, serial_forest,
          infiniplex_forest_clump_diagonal, infiniplex_forest_lined_room_2,
          infiniplex_forest_straight_2, infiniplex_forest_clump_tiny,
          infiniplex_forest_lined_room_2, infiniplex_forest_clump_tiny,
          infiniplex_forest_clump_large, infiniplex_forest_lined_room_2,
          minmay_misc_feat_square
D:5:      minmay_clustersquares, layout_basic, nicolae_tso_swordbearing_angel,
          nicolae_zen_rock_garden, hangedman_decor_push
D:6:      layout_cave_pools, trog_butcher_becter, ebering_ghost_inner_flame,
          serial_gnoll_camp, grums_kennel, gnoll_camp_medium_01,
          gnoll_camp_mini_loothouse, gnoll_camp_huts_moat,
          gnoll_camp_mini_house, gnoll_camp_mini_basic, minmay_fire_ice_demons
Temple:   dshaligram_water_room_temple

Skill      XL: |  1  2  3  4  5  6  7  8 |
---------------+-------------------------+-----
Long Blades    | 4 5 6 |  6.7
Fighting       | 4 5 6 |  6.6
Armour         | 3 4 5 7 |  7.9
Dodging        | 2 3 4 |  4.2
Stealth        | 1 2 |  2.6
Short Blades   | 2 3 6 |  6.2

Action                   |  1- 3 |  4- 6 |  7- 9 || total
-------------------------+-------+-------+-------++-------
Melee: Falchion          |    94 |    96 |       ||   190
       Headbutt          |    17 |    19 |    36 ||    72
       Punch             |       |     1 |       ||     1
       Dagger            |       |    45 |   155 ||   200
  Use: Scroll            |       |       |    12 ||    12
 Stab: Sleeping          |     1 |     1 |       ||     2
       Paralysed         |       |     1 |       ||     1
       Confused          |       |     1 |     1 ||     2
       Distracted        |       |       |     1 ||     1
Armor: Leather armour    |    52 |    53 |       ||   105
       Chain mail        |       |       |    64 ||    64
Dodge: Dodged            |    77 |    96 |    66 ||   239
